 Dungeon Crawl Stone Soup version 0.30.0-3-ga4e48a9924 (webtiles) character file.

Game seed: 4374529452645162368

661 Spectrina the Caregiver (level 7, -8/56 HPs)
             Began as a Human Monk on May 6, 2023.
             Was a Believer of Elyvilon.
             Mangled by an ogre
             ... wielding a +0 giant club
              (20 damage)
             ... on level 5 of the Dungeon on May 7, 2023.
             The game lasted 00:22:53 (1733 turns).

Spectrina the Caregiver (Human Monk)                Turns: 1733, Time: 00:22:54

Health: -8/56      AC:  2    Str: 13    XL:     7   Next: 86%
Magic:  10/10      EV: 13    Int: 11    God:    Elyvilon [**....]
Gold:   180        SH:  0    Dex: 15    Spells: 6/6 levels left

rFire   . . .        f - +5 short sword
rCold   + . .        d - orb {light}
rNeg    . . .        b - +0 robe
rPois   .            (no helmet)
rElec   .            (no cloak)
rCorr   .            (no gloves)
SInv    .            (no boots)
Will    .....        (no amulet)
Stlth   +            k - ring of protection from cold
HPRegen 0.29/turn    (no ring)
MPRegen 0.12/turn

%: no passive effects
@: brilliant, glowing
A: no striking features
a: Renounce Religion, Purification, Heal Other


You were on level 5 of the Dungeon.
You worshipped Elyvilon.
Elyvilon was pleased with you.
You visited 1 branch of the dungeon, and saw 5 of its levels.

You collected 180 gold pieces.

Inventory:

Hand Weapons
 a - a +0 mace
 f - a +5 short sword (weapon)
Missiles
 j - 5 poisoned darts (quivered)
Armour
 b - a +0 robe (worn)
 d - an orb of light (worn)
Magical Staves
 e - a staff of conjuration
 l - a staff of cold
Jewellery
 k - a ring of protection from cold (left hand)
Scrolls
 g - 2 scrolls of identify
 i - 3 scrolls of immolation
Potions
 h - a potion of cancellation


   Skills:
 - Level 5.0 Fighting
 - Level 3.0 Maces & Flails
 - Level 3.0 Dodging
 + Level 5.0 Stealth
 + Level 5.1 Invocations


You had 6 spell levels left.
You didn't know any spells.
Your spell library contained the following spells:

 Spells                   Type           Power      Damage    Failure   Level
 Ensorcelled Hibernation  Hex/Ice        0%         N/A       47%         2
 Inner Flame              Hex/Fire       0%         N/A       71%         3
 Spider Form              Tmut/Pois      0%         N/A       71%         3
 Tukima's Dance           Hex            0%         N/A       71%         3
 Anguish                  Hex/Necr       0%         N/A       98%         4
 Flame Wave               Conj/Fire      0%         2d4       98%         4
 Passage of Golubria      Tloc           0%         N/A       98%         4
 Sticky Flame             Conj/Fire      0%         2d3       98%         4
 Yara's Violent Unravell  Hex/Tmut       0%         3d3       100%        5


Dungeon Overview and Level Annotations

Branches:
Dungeon (5/15)
 Temple: D:4-7

Altars:
Elyvilon
Qazlal
Vehumet

Shops:
D:2 !

Annotations:
D:3 1 runed translucent door, Kuronicle's ghost, amateur DsBe
D:4 3 runed translucent doors, persistantfolly's ghost, novice TrTm


Message History

You throw an atropa-tipped dart. The atropa-tipped dart hits the ogre.
The ogre resists.
The ogre is moderately wounded.
The ogre hits you with a +0 giant club!!
Throw: 2 darts (atropa)
Press: ? - help, Q - select action, (/) - cycle Shift-Dir - straight line, f/p - ogre
Aim: an ogre, wielding a +0 giant club (moderately wounded, haloed, 93% to hit, chance to blind on hit: 63%)
You throw an atropa-tipped dart. The atropa-tipped dart hits the ogre.
The ogre resists.
The ogre is moderately wounded.
Throw: dart (atropa)
Press: ? - help, Q - select action, (/) - cycle Shift-Dir - straight line, f/p - ogre
Aim: an ogre, wielding a +0 giant club (moderately wounded, haloed, 93% to hit, chance to blind on hit: 58%)
You throw an atropa-tipped dart. The atropa-tipped dart hits the ogre.
The ogre resists.
The ogre is moderately wounded.
The ogre barely misses you.
An orc priest comes into view. It is wielding a +0 dagger.
Unknown command.
Throw: 6 darts (poison)
Press: ? - help, Q - select action, (/) - cycle Shift-Dir - straight line, f/p - ogre
Aim: an ogre, wielding a +0 giant club (moderately wounded, haloed, 93% to hit)
You throw a poisoned dart. The poisoned dart hits the ogre.
The ogre is poisoned.
The ogre is moderately wounded.
The ogre misses you.
Unknown command.
Okay, then.
Okay, then.
You aren't carrying any items that you can evoke.
Okay, then.
It was a potion of cancellation.
You feel magically purged.
It was a potion of brilliance.
You feel clever all of a sudden. The ogre hits you with a +0 giant club!
* * * LOW HITPOINT WARNING * * *
Unknown command.
It was a potion of magic.
Magic courses through your body.
The ogre hits you with a +0 giant club!!
You die...

##...###
#......# .....
..###
....#.....#
...# ..
.....#......#
###. . #....
#.....###..
#....
.#Y###.#.. #...
.###.....# ..
.# .#.###
#.....(# .... #
#..<..#..... #
#...@..# #
#o...O## .#
.....#.###.#...
##
....###)....#
.### #......#
..#.....#
....#......#
#.... #....?##
#.... .#.####


You could see an ice beast, an ogre (poisoned) and an orc priest.

Vanquished Creatures
  A sky beast (D:3)
  A phantom (D:5)
  A scorpion (D:3)
  2 howler monkeys
  A quasit (D:4)
  Jessica (D:2)
  A sleepcap (D:4)
  3 adders
  A shadow imp (D:4)
  3 white imps
  3 ufetubi
  A worm (D:2)
  A dart slug (D:4)
  8 orcs
  6 endoplasms
  4 giant cockroaches
  6 goblins
  7 hobgoblins
  6 jackals
  6 quokkas
  5 ball pythons
  A bat (D:2)
  3 frilled lizards
  7 kobolds
  3 rats
  A rat zombie (D:4)
83 creatures vanquished.

Vanquished Creatures (others)
  2 demonic plants (D:4)
2 creatures vanquished.

Grand Total: 85 creatures vanquished

Notes
Turn   | Place    | Note
-------+----------+-------------------------------------------
     0 | D:1      | Spectrina the Human Monk began the quest for the Orb.
     0 | D:1      | Reached XP level 1. HP: 18/18 MP: 1/1
    83 | D:2      | Reached XP level 2. HP: 24/25 MP: 2/2
   190 | D:3      | Found a runed translucent door.
   190 | D:3      | Noticed a bullfrog
   195 | D:3      | Noticed Kuronicle's ghost (amateur DsBe)
   207 | D:3      | Found a stormy altar of Qazlal.
   207 | D:3      | Noticed a sky beast
   247 | D:2      | Reached XP level 3. HP: 19/30 MP: 3/3
   255 | D:2      | Noticed Jessica
   265 | D:2      | Killed Jessica
   266 | D:2      | Reached XP level 4. HP: 30/38 MP: 4/4
   349 | D:1      | Found a faded altar of an unknown god.
   466 | D:2      | Found Gecoenot's Distillery.
   527 | D:3      | Reached skill level 5 in Fighting
   586 | D:3      | Found a white marble altar of Elyvilon.
   593 | D:3      | Became a worshipper of Elyvilon the Healer
   593 | D:3      | Reached * piety under Elyvilon
   593 | D:3      | Reached ** piety under Elyvilon
   700 | D:3      | Upgraded the game from 0.30.0 to 0.30.0-3-ga4e48a9924
   730 | D:3      | Noticed a scorpion
   767 | D:4      | Reached skill level 1 in Invocations
   790 | D:4      | Reached skill level 1 in Stealth
   790 | D:4      | Reached XP level 5. HP: 26/44 MP: 4/6
   938 | D:4      | Found a radiant altar of Vehumet.
  1046 | D:4      | Reached XP level 6. HP: 51/51 MP: 7/7
  1131 | D:4      | Noticed an ogre
  1185 | D:3      | Killed a sky beast
  1215 | D:3      | Reached XP level 7. HP: 35/56 MP: 8/10
  1385 | D:4      | Found a runed translucent gate.
  1385 | D:4      | Found a runed translucent gate.
  1385 | D:4      | Found a runed translucent gate.
  1385 | D:4      | Noticed persistantfolly's ghost (novice TrTm)
  1461 | D:5      | Entered Level 5 of the Dungeon
  1461 | D:5      | Noticed a water moccasin
  1463 | D:5      | Pacified a water moccasin
  1488 | D:5      | Reached skill level 5 in Invocations
  1510 | D:5      | Reached skill level 5 in Stealth
  1733 | D:5      | Mangled by an ogre

Illustrated notes

Levels and vault maps discovered:
D:1:      lemuel_arrival_river_ford, layout_loops_ring,
          shapermc_ecumenical_altar_venn
D:2:      layout_basic, serial_shops, shop, amcnicky_mini_rare_corridor_liquid,
          uniq_terence, uniq_jessica
D:3:      layout_rooms, mainiacjoe_overflow_paths,
          nicolae_qazlal_beasts_of_the_sky, ebering_ghost_sewer_d,
          kennysheep_generic_room_16
D:4:      layout_basic, lemuel_zombie_altar_kikubaaqudgha, fiery_altar_vehumet,
          serial_demonic, serial_demonic_e, serial_demonic_b, serial_demonic_c,
          serial_demonic_d, ebering_ghost_rock_garden
D:5:      nicolae_BIG_FREAKIN_CUBE, layout_loops_ring,
          kennysheep_generic_room_9, uniq_edmund

Skill      XL: |  1  2  3  4  5  6  7 |
---------------+----------------------+-----
Fighting       | 4 5 |  5.0
Invocations    | 1 2 4 5 |  5.1
Stealth        | 1 2 3 5 |  5.0
Maces & Flails | |  3.0
Dodging        | |  3.0

Action                     |  1- 3 |  4- 6 |  7- 9 || total
---------------------------+-------+-------+-------++-------
  Melee: Short sword       |    32 |   140 |    54 ||   226
         Unarmed           |       |    13 |       ||    13
  Throw: Dart              |       |       |     5 ||     5
 Invoke: Heal Other        |       |       |     2 ||     2
    Use: Potion            |       |     4 |     3 ||     7
         Scroll            |       |     3 |       ||     3
 Armour: Robe              |     4 |    24 |     7 ||    35
         Skin              |       |    27 |       ||    27
  Dodge: Dodged            |    13 |   115 |    29 ||   157
